 Dungeon Crawl Stone Soup version 0.31.0-9-g3a7656b989 (webtiles) character file.

Game seed: 17370153673553070589

9 Colgate the Shooter (level 2, 21/22 HPs)
             Began as a Demonspawn Hunter on Feb 6, 2024.
             Quit the game on level 1 of the Dungeon.
             The game lasted 00:00:05 (65 turns).

Colgate the Shooter (Demonspawn Hunter)               Turns: 65, Time: 00:00:06

Health: 21/22      AC:  5    Str: 11    XL:     2   Next: 3%
Magic:  2/2        EV: 11    Int:  9    God:
Gold:   0          SH:  0    Dex: 16    Spells: 1/1 levels left

rFire   . . .        a - +0 shortbow
rCold   . . .        (shield currently unavailable)
rNeg    . . .        c - +0 leather armour
rPois   .            (no helmet)
rElec   .            (no cloak)
rCorr   .            (no gloves)
SInv    .            (no boots)
Will    .....        (no amulet)
Stlth   +            (no ring)
HPRegen 0.23/turn    (no ring)
MPRegen 0.08/turn

%: no passive effects
@: no status effects
A: slimy green scales 1
a: no special abilities


You were on level 1 of the Dungeon.
You visited 1 branch of the dungeon, and saw 1 of its levels.

Inventory:

Hand Weapons
 a - a +0 shortbow (weapon)
Armour
 c - a +0 leather armour (worn)
Scrolls
 b - a scroll of butterflies
Potions
 d - a potion of might {unknown}


   Skills:
 - Level 2.0 Fighting
 + Level 4.1 Ranged Weapons
 - Level 1.7 Dodging
 - Level 0.8 Stealth


You had one spell level left.
You didn't know any spells.
Your spell library contained the following spells:

 Spells                   Type           Power      Damage    Failure   Level
 Sublimation of Blood     Necr           0%         N/A       63%         2
 Petrify                  Alch/Erth      0%         N/A       99%         4
 Irradiate                Conj/Alch      0%         3d11      100%        5


Dungeon Overview and Level Annotations

Branches:
Dungeon (1/15)

Altars:


Innate Abilities, Weirdness & Mutations

You are partially covered in slimy green scales. (AC +2)


Message History

There are monsters nearby!
You shoot an arrow. The arrow closely misses the jackal.
The arrow hits the jackal.
You kill the jackal!
The jackal bites you but does no damage. x2
There are monsters nearby!
You shoot an arrow. The arrow misses the jackal.
The arrow hits the giant cockroach.
You kill the giant cockroach!
The jackal closely misses you. The jackal barely misses you.
The jackal misses you.
The jackal bites you but does no damage.
There are monsters nearby!
You shoot an arrow. The arrow hits the jackal.
The jackal barely misses you. The jackal bites you.
The jackal bites you but does no damage. x2
There are monsters nearby!
You shoot an arrow. The arrow hits the jackal!
You kill the jackal!
The jackal misses you.
A jackal is nearby!
You shoot an arrow. The arrow hits the jackal.
The jackal barely misses you. The jackal bites you.
A jackal is nearby!
You shoot an arrow. The arrow hits the jackal.
You kill the jackal!
Your Ranged Weapons skill increases to level 4!
Key pressed, stopping explore.
No target in view!
Key pressed, stopping explore.
No target in view!
Key pressed, stopping explore.
No target in view!
A giant cockroach comes into view.
You shoot an arrow. The arrow hits the giant cockroach!
You kill the giant cockroach!
You have reached level 2!
Your demonic ancestry asserts itself...
Slimy green scales grow over part of your body.
Are you sure you want to abandon this character and quit the game? (Confirm with "yes".)

#..........##########
+..........#
#..........#
#####..####...###
..................
.###........#########
#........### .....
#..........#...)..
#........#@††.....
#........##.......
..........# .#####.
..........# ..
.......#### .†. .....
.... ..... .....
.....#


There were no monsters in sight!

Vanquished Creatures
  2 giant cockroaches (D:1)
  4 jackals (D:1)
  A goblin (D:1)
7 creatures vanquished.

Notes
Turn   | Place    | Note
-------+----------+-------------------------------------------
     0 | D:1      | Colgate the Demonspawn Hunter began the quest for the Orb.
     0 | D:1      | Reached XP level 1. HP: 16/16 MP: 1/1
    53 | D:1      | Reached skill level 4 in Ranged Weapons
    65 | D:1      | Gained mutation: You are partially covered in slimy green
                  | scales. (AC +2) [demonic ancestry]
    65 | D:1      | Reached XP level 2. HP: 21/22 MP: 2/2
    65 | D:1      | Quit the game

Illustrated notes

Levels and vault maps discovered:
D:1:      amcnicky_arrival_wind_blow, layout_basic

Skill      XL: |  1 |
---------------+----+-----
Ranged Weapons | 4 |  4.1
Fighting       | |  2.0
Dodging        | |  1.7
Stealth        | |  0.8

Action                     || total
---------------------------++-------
   Fire: Shortbow          ||    11
 Armour: Leather armour    ||     7
  Dodge: Dodged            ||     6
